 Dungeon Crawl Stone Soup version 0.23.0-3-gf3c87f2df8 (webtiles) character file.

Game seed: 11997269319919867242

93 PentaManta the Cutter (level 4, -4/30 HPs)
             Began as a Kobold Berserker on Feb 20, 2019.
             Was a Believer of Trog.
             Splashed by a jelly's acid (6 damage)
             ... on level 2 of the Dungeon.
             The game lasted 00:03:32 (921 turns).

PentaManta the Cutter (Kobold Berserker)             Turns: 921, Time: 00:03:33

Health: -4/30      AC: -9    Str: 15    XL:     4   Next: 91%
Magic:  4/4        EV: 15    Int:  8    God:    Trog [**....]
Gold:   56         SH:  0    Dex: 14    Spells: 3/3 levels left

rFire    . . .     SeeInvis .   e - +1 dagger (speed)
rCold    . . .     Gourm    .   (shield restricted)
rNeg     . . .     Faith    .   b - +0 animal skin
rPois    .         Spirit   .   (no helmet)
rElec    .         Reflect  .   (no cloak)
rCorr    .         Harm     .   (no gloves)
MR       .....                  (no boots)
Stlth    +.........             (no amulet)
HPRegen  0.10/turn              (no ring)
MPRegen  0.09/turn              (no ring)

@: corroded, berserk cooldown, slowed, very slow
A: small, carnivore
a: Berserk, Trog's Hand, Renounce Religion


You were on level 2 of the Dungeon.
You worshipped Trog.
Trog was pleased with you.
You were not hungry.

You visited 1 branch of the dungeon, and saw 2 of its levels.

You collected 56 gold pieces.

Inventory:

Hand Weapons
 a - a +0 short sword
 e - a +1 dagger of speed (weapon)
Armour
 b - a +0 animal skin (worn)
Scrolls
 h - a scroll of teleportation {unknown}
 j - a scroll of magic mapping {unknown}
Potions
 d - a potion of magic
 f - a potion of ambrosia
 i - a potion of berserk rage {unknown}
Comestibles
 c - a ration


   Skills:
 + Level 4.6 Fighting
 + Level 5.6 Short Blades
 - Level 1.5 Armour
 - Level 2.4 Dodging


You had 3 spell levels left.
You didn't know any spells.
Your spell library was empty.

Dungeon Overview and Level Annotations

Branches:
Dungeon (2/15)

Altars:
Xom
The Shining One


Innate Abilities, Weirdness & Mutations

You are small and have problems with some larger weapons.
You are carnivorous and can eat meat at any time.


Message History

The jelly is heavily wounded.
The jelly misses you.
You hit the jelly.
Your hands burn!
The jelly is severely wounded.
The jelly closely misses you.
You hit the jelly but do no damage.
Your hands burn!
The jelly is severely wounded.
You hit the jelly.
Your hands burn!
* * * LOW HITPOINT WARNING * * *
The jelly is severely wounded.
The jelly closely misses you. The jelly closely misses you.
There is an open door here.
You hit the jelly. The acid corrodes you!
Your hands burn!
* * * LOW HITPOINT WARNING * * *
The jelly is severely wounded.
The jelly hits you.
* * * LOW HITPOINT WARNING * * *
The acid corrodes you!
You are splashed with acid.
You die...

## ### #######...#
###..'.+...#
##...###...#
##...###...#
##._.J@+...##
##...###....# .
##...###....#
.############..'.'....#
......).....######....#
.....)###.#.## #.###.#
###....##.#.# #.# .#
............#####.# .
###.....รท.#.....(.###


You could see a jelly.

Vanquished Creatures
  A jelly (D:2)
  Terence (D:2)
  An adder (D:2)
  2 dart slugs (D:1)
  A leopard gecko (D:1)
  3 bats (D:2)
  2 giant cockroaches (D:2)
  4 goblins
  2 hobgoblins (D:2)
  An iguana (D:2)
  5 kobolds
  2 rats
25 creatures vanquished.

Notes
Turn   | Place    | Note
-------+----------+-------------------------------------------
     0 | D:1      | PentaManta the Kobold Berserker began the quest for the
                  | Orb.
     0 | D:1      | Reached XP level 1. HP: 14/14 MP: 1/1
    84 | D:1      | Reached XP level 2. HP: 11/19 MP: 2/2
   607 | D:2      | Found a shimmering altar of Xom.
   645 | D:2      | Reached XP level 3. HP: 21/24 MP: 3/3
   722 | D:2      | Noticed Terence
   734 | D:2      | Killed Terence
   734 | D:2      | Reached ** piety under Trog
   734 | D:2      | Reached skill level 5 in Short Blades
   734 | D:2      | Reached XP level 4. HP: 29/29 MP: 4/4
   836 | D:2      | Found a glowing golden altar of the Shining One.
   921 | D:2      | Splashed by a jelly's acid

Skill      XL: |  1  2  3 |
---------------+----------+-----
Fighting       | 4 |  4.6
Short Blades   | 5 |  5.6
Armour         | |  1.5
Dodging        | |  2.4

Action                   |  1- 3 |  4- 6 || total
-------------------------+-------+-------++-------
Melee: Short sword       |    15 |       ||    15
       Dagger            |    87 |    25 ||   112
Invok: Berserk           |     2 |     2 ||     4
  Use: Scroll            |       |     2 ||     2
  Eat: Chunk             |     3 |     4 ||     7
Armor: Animal skin       |    14 |     1 ||    15
Dodge: Dodged            |    90 |    10 ||   100
